[Event "Team 45 45 League T35"]
[Site "Internet Chess Club"]
[Date "2007.10.26"]
[Round "2"]
[White "Chessrascal"]
[Black "nardz"]
[Result "0-1"]
[WhiteElo "2114"]
[BlackElo "2217"]
[Opening "Sicilian: closed"]
[ECO "B23"]
[Time "20:00:23"]
[TimeControl "2700+45"]

1. e4 c5 2. Nc3 e6 3. g3 Ne7 4. Bg2 Nbc6 5. d3 g6 6. f4 Bg7 7. Nf3 O-O 8. O-O d6
9. Be3 Nd4 10. e5 Nef5 11. Bf2 Nxf3+ 12. Qxf3 Nd4 13. Qd1 dxe5 14. fxe5 Bxe5 15.
Ne4 Rb8 16. c3 Nf5 17. Bxc5 b6 18. Bxf8 Qxf8 19. Qe2 Bg7 20. g4 Nd6 21. Nxd6
Qxd6 22. d4 Bb7 23. Bxb7 Rxb7 24. Qf3 Qd7 25. Rf2 h6 26. Raf1 b5 27. h4 b4 28.
h5 g5 29. Qe4 Qc7 30. Qd3 Qd6 31. Qf3 Rd7 32. Kg2 Qc7 33. Qa8+ Bf8 34. Qe4 Bg7
35. Rf3 a5 36. R1f2 Qa7 37. Rf1 a4 38. Rd1 a3 39. bxa3 Qxa3 40. cxb4 Qxa2+ 41.
Rf2 Qc4 42. Qf3 Qxb4 43. d5 Qb7 44. Rfd2 exd5 45. Rxd5 Qb2+ 46. Kh3 Rxd5 47.
Qxd5 Be5 48. Rd2 Qc3+ 49. Qd3 Qc6 50. Rg2 Qc1 51. Rh2 Bxh2 52. Kxh2 Qf4+ 53. Kh3
Qe5 54. Qd8+ Kg7 55. Qd3 Qa1 56. Qf3 Qe5 57. Qd3 Qf4 58. Qc3+ Qf6 59. Qd3 Qf2
60. Qc3+ Kh7 61. Qd3+ Kg8 62. Qd8+ Kg7 63. Qd7 Qe3+ 64. Kg2 Qe4+ 65. Kh3 Qf3+
66. Kh2 Qe3 67. Kg2 Qe2+ 68. Kh3 Qf3+ 69. Kh2 Qf2+ 70. Kh3 Qf1+ 71. Kh2 Qf6 72.
Kh3 Qc3+ 73. Kh2 Qe3 74. Kg2 Qe4+ 75. Kh3 Kf6 76. Qd8+ Kg7 77. Qd7 Qe6 78. Qd4+
Qf6 79. Qd7 Qf2 80. Qc8 Qe1 81. Qd7 Qe5 82. Kg2 Kf6 83. Qd8+ Ke6 84. Qe8+ Kd6
85. Qd8+ Kc5 86. Qa5+ Kd4 87. Qd2+ Ke4 88. Qe2+ Kd5 89. Qb5+ Ke6 90. Qe8+ Kd6
91. Qf8+ Ke6 92. Qe8+ Kf6 93. Qh8+ Ke6 94. Qxh6+ f6 95. Qf8 Qe2+ 96. Kh3 Qf3+
97. Kh2 Qf2+ 98. Kh1 Qh4+ 99. Kg2 Qxg4+ 100. Kf2 Qxh5 101. Qc8+ Ke5 102. Qc5+
Ke6 103. Qc6+ Ke7 104. Qc7+ Kf8 105. Kg3 Qh4+ 106. Kg2 Qg4+ 107. Kh2 Qe2+ 108.
Kh1 Qe4+ 109. Kg1 Qd4+ 110. Kh1 Qd5+ 111. Kg1 Qd1+ 112. Kg2 Qe2+ 113. Kg1 Qe7
114. Qc8+ Kg7 115. Qc6 Kg6 116. Qc2+ f5 117. Qc6+ Qf6 118. Qe8+ Kg7 119. Qd7+
Kh6 120. Qd3 g4 121. Qd2+ Kg6 122. Qd7 Qe5 123. Kg2 Qe2+ 124. Kg1 Qe3+ 125. Kg2
Qf3+ 126. Kg1 Qe3+ 127. Kg2 Qf3+ 128. Kg1 Qc3 129. Qe8+ Kg5 130. Qd8+ Kf4 131.
Qb8+ Qe5 132. Qb4+ Kf3 133. Qb7+ Qe4 134. Qb3+ Qe3+ {White resigns} 0-1

[Event "Team 45 45 League T35"]
[Site "Internet Chess Club"]
[Date "2007.10.26"]
[Round "2"]
[White "NFork"]
[Black "ranaamasonika"]
[Result "1-0"]
[WhiteElo "2285"]
[BlackElo "2200"]
[Opening "Dutch defense"]
[ECO "A90"]
[Time "17:14:34"]
[TimeControl "2700+45"]

1. d4 f5 2. c4 Nf6 3. g3 e6 4. Bg2 d5 5. b3 c6 6. Nf3 Bd6 7. O-O O-O 8. Ba3 Ne4
9. Bxd6 Qxd6 10. Nbd2 Bd7 11. Nxe4 fxe4 12. Ne5 Be8 13. f3 exf3 14. exf3 Nd7 15.
Nxd7 Bxd7 16. c5 Qc7 17. Re1 Rae8 18. Bh3 Rf7 19. Re5 Rf6 20. Qe2 h6 21. f4 Qa5
22. f5 Qc3 23. Rd1 Kf7 24. Qh5+ Kf8 25. fxe6 Bxe6 26. Bxe6 Rexe6 27. Rxe6 Rxe6
28. Rf1+ Rf6 29. Rxf6+ gxf6 30. Qxh6+ Ke7 31. Qg7+ Ke6 32. Qg4+ Ke7 33. Qe2+ Kf7
34. Qf2 Kg6 35. h4 Qd3 36. Kh2 Qd1 37. Kg2 Qg4 38. Qe3 Kf7 39. Qd3 Kg7 40. Qe3
Kf7 41. Qd3 Kg7 42. b4 a6 43. a3 Qh5 44. Qf3 Qh7 45. Qg4+ Kh6 46. Qf4+ Kg6 47.
Kh3 Qd7+ 48. Qg4+ Qxg4+ 49. Kxg4 f5+ 50. Kf4 Kf6 51. h5 Ke6 52. Kg5 {Black
resigns} 1-0

[Event "Team 45 45 League T35"]
[Site "Internet Chess Club"]
[Date "2007.10.27"]
[Round "2"]
[White "Gokhtra"]
[Black "JustinSane"]
[Result "1-0"]
[WhiteElo "2183"]
[BlackElo "2107"]
[Opening "Queen's pawn: Torre attack"]
[ECO "A46"]
[Time "20:27:58"]
[TimeControl "2700+45"]

1. d4 Nf6 2. Nf3 e6 3. Bg5 b6 4. e3 Bb7 5. Bd3 Be7 6. c3 d6 7. Nbd2 Nbd7 8. Qe2
c5 9. e4 cxd4 10. cxd4 Nh5 11. Be3 e5 12. Nxe5 dxe5 13. Qxh5 exd4 14. Bxd4 Nf6
15. Qb5+ Kf8 16. Be3 Ng4 17. O-O Nxe3 18. fxe3 Qe8 19. Qb3 Bc5 20. Bc4 f6 21.
Qc3 Qe7 22. e5 Re8 23. e6 h5 24. Nf3 Kg8 25. Nh4 Be4 26. Rad1 f5 27. Nxf5 Qg5
28. Ng3 Ba8 29. e7+ Kh7 30. Bd3+ Kg8 31. Bc4+ Kh7 32. Kh1 Rxe7 33. Rf5 Qg4 34.
Rxh5+ Kg6 35. Rd6+ Bxd6 36. Qd3+ Kf6 37. Rf5+ Kg6 38. Rf4+ Kg5 39. Rxg4+ Kxg4
40. Qg6+ Kh4 41. Nf5# {Black checkmated} 1-0

[Event "Team 45 45 League T35"]
[Site "Internet Chess Club"]
[Date "2007.10.26"]
[Round "2"]
[White "The7thGuest"]
[Black "tini3blas"]
[Result "1/2-1/2"]
[WhiteElo "2109"]
[BlackElo "2153"]
[Opening "French: Winawer, advance, 5.a3"]
[ECO "C17"]
[Time "03:03:26"]
[TimeControl "2700+45"]

1. e4 e6 2. d4 d5 3. Nc3 Bb4 4. e5 c5 5. a3 Ba5 6. b4 cxd4 7. Nb5 Bc7 8. f4 a5
9. Bb2 Ne7 10. Nf3 Nf5 11. Bd3 axb4 12. Bxf5 exf5 13. axb4 Rxa1 14. Qxa1 d3 15.
cxd3 O-O 16. O-O Bb6+ 17. Kh1 Nc6 18. Qe1 Be6 19. Nd6 Qd7 20. b5 Ne7 21. Qb4 Ra8
22. Ra1 Rxa1+ 23. Bxa1 Nc8 24. Nxc8 Qxc8 25. Bd4 Bxd4 26. Qxd4 h6 27. h3 {Game
drawn by mutual agreement} 1/2-1/2

[Event "Team 45 45 League T35"]
[Site "Internet Chess Club"]
[Date "2007.10.27"]
[Round "2"]
[White "livis"]
[Black "Capamuerte"]
[Result "0-1"]
[WhiteElo "2004"]
[BlackElo "2176"]
[Opening "Philidor: exchange variation"]
[ECO "C21"]
[Time "18:02:24"]
[TimeControl "2700+45"]

1. e4 e5 2. d4 d6 3. Nf3 exd4 4. Nxd4 d5 5. e5 Nd7 6. f4 g6 7. Be2 Bc5 8. c3 Nh6
9. e6 Nf6 10. exf7+ Nxf7 11. O-O a6 12. Kh1 Ne4 13. Nd2 Bf5 14. Nxf5 gxf5 15.
Bh5 O-O 16. Nxe4 dxe4 17. Qe2 Qh4 18. Bxf7+ Rxf7 19. Be3 Bxe3 20. Qxe3 Rd8 21.
Rad1 Qf6 22. h3 Rfd7 23. Qe2 Rd3 24. Kh2 b5 25. a4 bxa4 26. Qc2 Qc6 27. Rxd3
Rxd3 28. Ra1 Qd6 29. Qf2 e3 30. Qg3+ Kh8 31. Re1 Qe6 32. Re2 h6 33. Qf3 Kh7 34.
Qb7 Qd6 35. Qf3 Qe7 36. Qh5 Qe6 37. Qf3 a5 38. Qb7 Qd5 39. Qxc7+ Kg8 40. Qc8+
Kg7 41. Qc7+ Kg8 42. Qc8+ Kg7 43. Qc7+ Kf6 44. Qb6+ Qe6 45. Qc5 Kg6 46. c4 h5
47. Qxa5 Qxc4 48. Qb6+ Kg7 49. Qa7+ Kh6 50. Qb6+ Kg7 51. Qa7+ Qf7 52. Qxa4 Qe6
53. Qa7+ Kh6 54. Qc5 h4 55. b4 Kh5 56. b5 Rd2 57. Rxe3 Qg6 58. Qc6 Rd6 59. Qf3+
Kh6 60. Qf2 Qf6 61. Re5 Rd7 62. Qc2 Qg6 63. Qxf5 Qg3+ 64. Kg1 Rd1+ {White
resigns} 0-1

[Event "Team 45 45 League T35"]
[Site "Internet Chess Club"]
[Date "2007.10.28"]
[Round "2"]
[White "tammany"]
[Black "ears"]
[Result "1-0"]
[WhiteElo "1607"]
[BlackElo "1785"]
[Opening "Queen's Pawn"]
[ECO "B07"]
[Time "21:07:24"]
[TimeControl "2700+45"]

1. d4 d6 2. e4 g6 3. Be3 Bg7 4. Qd2 c5 5. c4 cxd4 6. Bxd4 Nf6 7. Nc3 Nc6 8. Be3
O-O 9. Be2 Bd7 10. Bh6 Qa5 11. Bxg7 Kxg7 12. h4 h5 13. Nf3 Rae8 14. O-O a6 15.
a3 Rc8 16. b4 Qd8 17. Rfd1 Qc7 18. Qb2 Bg4 19. Nd5 Qb8 20. b5 Ne5 21. Nxe7 Nxc4
22. Bxc4 Rxc4 23. Nd5 Qd8 24. Nxf6 Qxf6 25. Qxf6+ Kxf6 26. Rxd6+ Kg7 27. bxa6
bxa6 28. Ng5 Bc8 29. g3 Bb7 30. Rd7 Bxe4 31. Ne6+ Kg8 32. Nxf8 Kxf8 33. Ra7 Rc6
34. Kf1 Rc2 35. Ke1 Rc6 36. Kd2 Rf6 37. Ke3 Bf3 38. Rc1 Bg4 39. Ra8+ Kg7 40. f4
Re6+ 41. Kd4 Bf3 42. Rd8 Re4+ 43. Kc5 Re7 44. Rc3 Bg2 45. a4 Rc7+ 46. Kd4 Re7
47. a5 Bf1 48. Rc5 Rb7 49. Rc3 Rb1 50. Rd5 Rb4+ 51. Ke5 Rb7 52. f5 Re7+ 53. Kd6
{Black resigns} 1-0

[Event "Team 45 45 League T35"]
[Site "Internet Chess Club"]
[Date "2007.10.28"]
[Round "2"]
[White "holtmild"]
[Black "b-spot"]
[Result "0-1"]
[WhiteElo "1460"]
[BlackElo "1622"]
[Opening "Sicilian: Najdorf"]
[ECO "B90"]
[Time "15:58:05"]
[TimeControl "2700+45"]

1. e4 c5 2. Nf3 d6 3. d4 cxd4 4. Nxd4 Nf6 5. Nc3 a6 6. a4 Nc6 7. Bc4 e6 8. Be3
Be7 9. O-O O-O 10. Re1 Nxe4 11. Nxe4 d5 12. Nxc6 bxc6 13. Bxd5 cxd5 14. Ng3 Bb7
15. Bd4 Bf6 16. Bxf6 Qxf6 17. c3 Rac8 18. Qd3 Rfd8 19. Rad1 Rc7 20. Re3 Rdc8 21.
Rf3 Qg6 22. Qxg6 hxg6 23. Rfd3 Rc4 24. Ra1 a5 25. Ne2 Ba6 26. Re3 Rb8 27. Ra2
Bc8 28. Nd4 Bd7 29. b3 Rxa4 30. Rxa4 Bxa4 31. Re1 Bd7 32. f4 Rc8 33. Rc1 f6 34.
g3 Kf7 35. Kf2 e5 36. fxe5 fxe5 37. Nf3 Ke6 38. Ke3 Kd6 39. Kd2 Rf8 40. Ke2 Bg4
{White resigns} 0-1

[Event "Team 45 45 League T35"]
[Site "Internet Chess Club"]
[Date "2007.10.29"]
[Round "2"]
[White "dougmo"]
[Black "Glassywoman"]
[Result "1-0"]
[WhiteElo "1558"]
[BlackElo "1416"]
[Opening "Philidor's defense"]
[ECO "C41"]
[Time "18:13:24"]
[TimeControl "2700+45"]

1. e4 e5 2. Nf3 d6 3. Bc4 h6 4. Nc3 c6 5. d4 Qa5 6. O-O exd4 7. Qxd4 Nd7 8. Be3
Ngf6 9. h3 Be7 10. Bf4 c5 11. Qe3 O-O 12. Rad1 Qb4 13. b3 Qb6 14. Nb5 Qc6 15.
Nxd6 Bxd6 16. Bxd6 Re8 17. e5 b5 18. Bd3 Bb7 19. Qf4 Nh5 20. Qg4 g6 21. Rfe1 c4
22. Be4 Qb6 23. Qxd7 Bxe4 24. Rxe4 Rad8 25. Qg4 cxb3 26. cxb3 Qb7 27. Red4 Ng7
28. Bb4 h5 29. Rxd8 hxg4 30. Rxe8+ Nxe8 31. hxg4 Qe4 32. Bd6 Qxg4 33. Rd4 Qf5
34. Rd2 Qc8 35. b4 Qc6 36. Bc5 Nc7 37. Rd8+ Ne8 38. Rd2 f6 39. exf6 Nxf6 40. Rd6
Qe4 41. Rxf6 Qb1+ 42. Kh2 Qxa2 43. Rxg6+ Kh7 44. Rf6 Qd5 45. Rf7+ Kg6 46. Rxa7
Qe4 47. Ra6+ Kf5 48. Ra7 Qg4 49. Rf7+ Ke4 50. Re7+ Kd5 51. Re5+ Kc4 52. Re3 Qh5+
53. Kg1 Qd5 54. Ne5+ {Black resigns} 1-0

[Event "Team 45 45 League T35"]
[Site "Internet Chess Club"]
[Date "2007.10.24"]
[Round "2"]
[White "Grenadier"]
[Black "Ernie1"]
[Result "1-0"]
[WhiteElo "1772"]
[BlackElo "1665"]
[Opening "Caro-Kann: Panov-Botvinnik attack, 5...e6"]
[ECO "B14"]
[Time "19:43:11"]
[TimeControl "2700+45"]

1. e4 c6 2. d4 d5 3. exd5 cxd5 4. c4 Nf6 5. Nc3 e6 6. Nf3 Bb4 7. Bd3 Nc6 8. c5
Bxc3+ 9. bxc3 O-O 10. O-O Re8 11. Bf4 Qa5 12. Qc2 b6 13. cxb6 Qxb6 14. Rfb1 Qd8
15. Bb5 Bd7 16. Bg5 h6 17. Bh4 g5 18. Bg3 Ne4 19. Bxc6 Bxc6 20. Be5 f6 21. Bg3
Qa5 22. Rb4 Qa3 23. Rc1 Rec8 24. Nd2 a5 25. Rb6 Ba4 26. Qb1 Rxc3 27. Rxc3 Qxc3
28. Nxe4 dxe4 29. Rxe6 Bc2 30. Qc1 Qxd4 31. h4 Rc8 32. Rd6 Qc3 33. hxg5 hxg5 34.
Kh2 Kf7 35. Kg1 Bd3 36. Rd7+ Kg6 37. Qxc3 Rxc3 38. Ra7 Ra3 39. Bc7 a4 40. Bb6
Rxa2 41. Bd4 g4 42. Kh2 Bb5 43. Kg3 f5 44. Kf4 g3 45. Rg7+ Kh6 46. Rxg3 a3 47.
Kxf5 Rd2 48. Rh3# {Black checkmated} 1-0

[Event "Team 45 45 League T35"]
[Site "Internet Chess Club"]
[Date "2007.10.25"]
[Round "2"]
[White "NESKAYA"]
[Black "GoIrish"]
[Result "1-0"]
[WhiteElo "1564"]
[BlackElo "1553"]
[Opening "Alekhine's defense: four pawns attack, 6...Nc6"]
[ECO "B02"]
[Time "21:05:06"]
[TimeControl "2700+45"]

1. e4 Nf6 2. e5 Nd5 3. c4 Nb6 4. d4 d6 5. f4 dxe5 6. fxe5 Nc6 7. Nf3 Bf5 8. Nc3
e6 9. a3 Qd7 10. Be2 Rd8 11. Be3 Be7 12. O-O O-O 13. b4 a6 14. c5 Nd5 15. Nxd5
Qxd5 16. Rc1 Be4 17. Bc4 Qd7 18. b5 Bxf3 19. bxc6 Qxc6 20. Rxf3 Bxc5 21. Rg3 Qe4
22. Bd3 Qxe3+ 23. Rxe3 Bxd4 24. Qe2 Rd7 25. Kh1 Bxe3 26. Qxe3 Rfd8 27. Be2 Rd2
28. Rxc7 Rb2 29. h3 {Black resigns} 1-0

[Event "Team 45 45 League T35"]
[Site "Internet Chess Club"]
[Date "2007.10.28"]
[Round "2"]
[White "MathWorker"]
[Black "Jozin"]
[Result "0-1"]
[WhiteElo "1499"]
[BlackElo "1653"]
[Opening "Vienna: Hamppe-Allgaier gambit"]
[ECO "C25"]
[Time "08:02:18"]
[TimeControl "2700+45"]

1. e4 e5 2. Nc3 Nc6 3. f4 exf4 4. Nf3 g5 5. h4 g4 6. Ng5 f6 7. Qxg4 h5 8. Qf5
Nce7 9. Qxf4 fxg5 10. Qxg5 d6 11. Be2 Bg4 12. Bxg4 hxg4 13. Qxg4 Qd7 14. Qxd7+
Kxd7 15. d3 Bh6 16. Bxh6 Nxh6 17. Ke2 Rag8 18. Rhg1 Rg4 19. g3 Rhg8 20. Kf2 Rf8+
21. Kg2 Ng6 22. Kh3 Rf3 23. Kh2 Rf2+ 24. Rg2 Rxg2+ 25. Kxg2 Nxh4+ 26. Kh3 Nf3
27. Rf1 Ng5+ 28. Kh2 Ne6 29. Nd5 Rg6 30. Kh3 c6 31. Nf6+ Ke7 32. Nh5 Ng5+ 33.
Kh4 Ne6 34. c3 Ng7 35. Rf3 Rg4+ 36. Kh3 Nxh5 37. Kh2 Rg7 38. Kh3 Rf7 39. Kg2
Rxf3 40. Kxf3 Ke6 41. d4 d5 42. e5 Nf5 43. g4 Nh4+ 44. Kf2 Ng7 45. Kg3 Ng6 46.
Kf3 c5 47. dxc5 Nxe5+ 48. Kg3 Nd3 49. b4 Nc1 50. a3 Ne2+ 51. Kf3 Nxc3 52. Ke3 a5
53. Kd3 Nb5 54. a4 Na7 55. b5 Nc8 56. Kd4 Ne7 57. Kd3 Ke5 58. Ke3 Ne6 59. c6
bxc6 60. b6 Nd8 {White resigns} 0-1

[Event "Team 45 45 League T35"]
[Site "Internet Chess Club"]
[Date "2007.10.28"]
[Round "2"]
[White "MarcoDeSade"]
[Black "scar99"]
[Result "0-1"]
[WhiteElo "1521"]
[BlackElo "1532"]
[Opening "Scandinavian defense"]
[ECO "B01"]
[Time "11:59:41"]
[TimeControl "2700+45"]

1. e4 d5 2. exd5 Nf6 3. Nc3 Nxd5 4. Nxd5 Qxd5 5. Qf3 Qc5 6. c3 Nc6 7. Qe3 e5 8.
Be2 Be6 9. Nf3 Qxe3 10. fxe3 Be7 11. Bb5 f6 12. Bxc6+ bxc6 13. O-O O-O 14. b3
Rfd8 15. d4 e4 16. Nd2 f5 17. c4 Bg5 18. Nb1 g6 19. Nc3 Be7 20. Bb2 Kg7 21. d5
cxd5 22. Nxd5+ Kf7 23. Nxc7 Rac8 24. Nxe6 Kxe6 25. Rad1 Bc5 26. Kf2 f4 27. Bd4
fxe3+ 28. Kxe3 Bxd4+ 29. Rxd4 Rxd4 30. Kxd4 Rd8+ 31. Kxe4 Rd2 32. Kf3 Rxa2 33.
Rf2 Ra1 34. Rc2 Rb1 35. Rc3 Kd6 36. Ke4 Kc5 37. Kd3 Rb2 38. Rc2 Rxb3+ 39. Ke4
Rb4 40. Kd3 a5 41. Ra2 a4 42. Rc2 a3 43. Ra2 Rb3+ 44. Kc2 Kxc4 45. g3 Kb4 46.
Kc1 h6 47. Kc2 h5 48. Kc1 Rf3 49. Kd1 Kb3 50. Re2 a2 51. Rxa2 Kxa2 52. Ke2 Rf8
53. h3 Kb3 54. Ke3 Kc4 55. Ke4 Kc5 56. h4 Kd6 57. Ke3 Ke5 {White resigns} 0-1

[Event "Team 45 45 League T35"]
[Site "Internet Chess Club"]
[Date "2007.10.26"]
[Round "2"]
[White "Beancounter"]
[Black "PatoJuca"]
[Result "0-1"]
[WhiteElo "1750"]
[BlackElo "1724"]
[Opening "QGD: 4.Nf3"]
[ECO "D37"]
[Time "15:06:43"]
[TimeControl "2700+45"]

1. d4 d5 2. Nf3 Nf6 3. c4 e6 4. Nc3 Be7 5. e3 O-O 6. Bd3 c6 7. O-O Nbd7 8. Re1
Qc7 9. e4 dxe4 10. Nxe4 Nxe4 11. Bxe4 Nf6 12. Bd3 b6 13. Qc2 Bb7 14. c5 Rad8 15.
Bg5 h6 16. Bh4 bxc5 17. dxc5 Bxc5 18. Bxf6 gxf6 19. Rac1 Be7 20. Bh7+ Kh8 21.
Rxe6 fxe6 22. Qg6 Bd6 23. Bg8 Qg7 24. Qxg7+ Kxg7 25. Bxe6 Rfe8 26. Bf5 {White
resigns} 0-1

[Event "Team 45 45 League T35"]
[Site "Internet Chess Club"]
[Date "2007.10.28"]
[Round "2"]
[White "OGO"]
[Black "Stav"]
[Result "0-1"]
[WhiteElo "1676"]
[BlackElo "1660"]
[Opening "Sicilian: Smith-Morra gambit"]
[ECO "B21"]
[Time "15:55:41"]
[TimeControl "2700+45"]

1. e4 c5 2. d4 cxd4 3. Qxd4 Nc6 4. Qd3 Nf6 5. Nc3 e6 6. Nf3 d6 7. Bg5 a6 8.
O-O-O Be7 9. Be2 b5 10. Kb1 b4 11. Na4 Bd7 12. Qe3 Ng4 13. Qf4 Nxf2 14. Bxe7
Qxe7 15. Nb6 Rb8 16. Nxd7 Kxd7 17. Ne5+ Nxe5 18. Qxe5 Nxh1 19. Qd4 Rhc8 20. Rxh1
e5 21. Qa7+ Ke8 22. Qxa6 Qc7 23. Bd1 Qb6 24. Qa4+ Qb5 25. Qb3 Qc4 26. Qf3 Ra8
27. b3 Qc3 28. Qf5 Rxa2 29. Qxc8+ Qxc8 30. Kxa2 Qa8+ 31. Kb2 Qxe4 32. Bf3 Qd4+
33. Kb1 Ke7 34. Rd1 Qc5 35. h3 f5 36. Rd5 Qc3 37. Rd3 Qe1+ 38. Kb2 e4 39. Rd1
Qc3+ {White resigns} 0-1

[Event "Team 45 45 League T35"]
[Site "Internet Chess Club"]
[Date "2007.10.25"]
[Round "2"]
[White "Playing4TheKing"]
[Black "Cantemir"]
[Result "0-1"]
[WhiteElo "1310"]
[BlackElo "1537"]
[Opening "Queen's pawn, Mason variation"]
[ECO "D00"]
[Time "08:11:59"]
[TimeControl "2700+45"]

1. d4 d5 2. Bf4 e6 3. e3 c5 4. c3 Nf6 5. Bd3 Be7 6. Bg5 Nbd7 7. f4 b6 8. Nd2 c4
9. Bc2 Bb7 10. Qe2 b5 11. O-O-O Ne4 12. Nxe4 dxe4 13. Bxe7 Qxe7 14. g4 f5 15. g5
g6 16. h4 h5 17. gxh6 Rxh6 18. h5 O-O-O 19. Nh3 Rxh5 20. Ng5 Nf6 21. Rh3 Rdh8
22. Rdh1 Rxh3 23. Rxh3 Rxh3 24. Nxh3 Ng4 25. Nf2 Qh4 26. Nxg4 fxg4 27. Bd1 g3
28. Qg4 Qxg4 29. Bxg4 g2 30. Bxe6+ Kc7 {White resigns} 0-1

[Event "Team 45 45 League T35"]
[Site "Internet Chess Club"]
[Date "2007.11.03"]
[Round "2"]
[White "Luckydawg"]
[Black "AntonioMendonca"]
[Result "0-1"]
[WhiteElo "1645"]
[BlackElo "1669"]
[Opening "English, 1...Nf6 (Anglo-Indian defense)"]
[ECO "A15"]
[Time "07:07:09"]
[TimeControl "2700+45"]

1. c4 Nf6 2. g3 d6 3. Bg2 g6 4. Nc3 Bg7 5. e4 O-O 6. Nge2 Nc6 7. O-O Rb8 8. d3
e5 9. f4 Ne8 10. f5 Nf6 11. h3 gxf5 12. exf5 h5 13. g4 hxg4 14. hxg4 Nxg4 15.
Ng3 Qh4 16. Rf3 Nd4 17. Nh1 Nxf3+ 18. Qxf3 Qh2+ 19. Kf1 Qh5 20. Kg1 Qxf5 21. Qe2
Nf6 22. Be3 b6 23. Rf1 Qg6 24. Rf3 Bg4 25. Ng3 Nh5 26. Nxh5 Qxh5 27. Qf2 Bxf3
28. Bxf3 Qg6+ 29. Kh1 Qxd3 30. Be4 Qxc4 31. Qf5 Rfe8 32. Bg5 Qe6 33. Qh7+ Kf8
34. Bf5 Qc4 35. Bd3 Qg4 36. Bh4 Qf3+ 37. Kh2 Re6 38. Bg5 f6 39. Bh6 {White
resigns} 0-1

[Event "Team 45 45 League T35"]
[Site "Internet Chess Club"]
[Date "2007.10.26"]
[Round "2"]
[White "shakkiipe"]
[Black "boffman"]
[Result "1/2-1/2"]
[WhiteElo "1614"]
[BlackElo "1599"]
[Opening "English opening"]
[ECO "A20"]
[Time "09:57:10"]
[TimeControl "2700+45"]

1. c4 e5 2. g3 Nf6 3. Bg2 d5 4. cxd5 Nxd5 5. Nf3 Nc6 6. O-O Be7 7. d4 exd4 8.
Nxd4 Nxd4 9. Qxd4 Nf6 10. Qxd8+ Bxd8 11. Nc3 c6 12. Bf4 O-O 13. e4 Be6 14. Bd6
Re8 15. e5 Nd7 16. f4 Be7 17. Bxe7 Rxe7 18. b3 Nb6 19. Ne4 Rd8 {Game drawn by
mutual agreement} 1/2-1/2

[Event "Team 45 45 League T35"]
[Site "Internet Chess Club"]
[Date "2007.10.26"]
[Round "2"]
[White "Vincenzo76"]
[Black "stakastra"]
[Result "1-0"]
[WhiteElo "1587"]
[BlackElo "1537"]
[Opening "Scotch game"]
[ECO "C45"]
[Time "10:06:57"]
[TimeControl "2700+45"]

1. e4 e5 2. Nf3 Nc6 3. d4 exd4 4. Nxd4 d6 5. c4 Nf6 6. Nc3 Be7 7. Be2 O-O 8. O-O
h6 9. Be3 Ne5 10. h3 c6 11. f4 Ned7 12. Qc2 Nc5 13. Bf3 Nh7 14. Rad1 Ne6 15. e5
Qc7 16. Be4 g6 17. Bxg6 fxg6 18. Qxg6+ Ng7 19. f5 dxe5 20. Bxh6 Bc5 21. Ne4
Bxd4+ 22. Rxd4 exd4 23. f6 Qf7 24. Qg3 Nxf6 25. Rxf6 Qe7 26. Bxg7 Qxg7 27. Rg6
Rf7 28. Nf6+ Kf8 29. Qd6+ Re7 30. Rxg7 Kxg7 31. Qxe7+ Kg6 32. h4 Bf5 33. h5+ Kg5
34. Qg7+ Kf4 35. Qg5+ Ke5 36. h6 d3 37. Ng4+ Ke4 38. Qe3# {Black checkmated} 1-0

[Event "Team 45 45 League T35"]
[Site "Internet Chess Club"]
[Date "2007.10.25"]
[Round "2"]
[White "LuctorEmergo"]
[Black "AlPearson"]
[Result "1-0"]
[WhiteElo "1508"]
[BlackElo "1442"]
[Opening "French: advance, Paulsen attack"]
[ECO "C02"]
[Time "10:07:02"]
[TimeControl "2700+45"]

1. e4 e6 2. d4 d5 3. e5 c5 4. c3 Nc6 5. Nf3 Qb6 6. Be2 Nge7 7. Na3 Nf5 8. Nc2
Bd7 9. O-O cxd4 10. cxd4 Be7 11. g4 Nh4 12. Nxh4 Bxh4 13. b3 O-O 14. g5 f6 15.
gxf6 gxf6 16. Bh6 Rf7 17. Bh5 fxe5 18. Qg4+ Kh8 19. Bxf7 Bf6 20. Kh1 exd4 21.
Rg1 Ne7 22. Bg7+ Bxg7 23. Qxg7# {Black checkmated} 1-0

[Event "Team 45 45 League T35"]
[Site "Internet Chess Club"]
[Date "2007.10.28"]
[Round "2"]
[White "Ser-Enigma"]
[Black "chiiwen"]
[Result "1-0"]
[WhiteElo "2098"]
[BlackElo "1910"]
[Opening "English: Anglo-Dutch defense"]
[ECO "A10"]
[Time "14:28:59"]
[TimeControl "2700+45"]

1. c4 f5 2. Nc3 Nf6 3. g3 g6 4. Bg2 Bg7 5. Nh3 d6 6. d4 O-O 7. O-O Qe8 8. Nd5
Nxd5 9. cxd5 Na6 10. Be3 Bd7 11. Qb3 Rb8 12. Ng5 h6 13. Ne6 Bxe6 14. dxe6 c6 15.
d5 c5 16. a4 Nc7 17. h4 Kh7 18. Bd2 b6 19. Bc3 a5 20. Bxg7 Kxg7 21. Qc3+ Kh7 22.
f4 Na6 23. e4 Nb4 24. e5 Qd8 25. Rad1 Qc7 26. b3 Rbd8 27. Rfe1 Rfe8 28. Bf1 Rf8
29. Kh2 h5 30. Bb5 Qb7 31. Bd7 Qc7 32. exd6 Qxd6 33. Qe5 Qxe5 34. fxe5 Nc2 35.
Re2 Nd4 36. Rf2 Kg7 37. d6 Rxd7 38. exd7 e6 39. Rxd4 cxd4 40. Rc2 d3 41. Rd2 Rd8
42. Rxd3 Rxd7 43. Rc3 Kf8 44. Rc6 {Black resigns} 1-0

[Event "Team 45 45 League T35"]
[Site "Internet Chess Club"]
[Date "2007.10.29"]
[Round "2"]
[White "cillu"]
[Black "luar1609"]
[Result "0-1"]
[WhiteElo "2027"]
[BlackElo "2094"]
[Opening "Nimzo-Indian: classical, Noa variation, main line, 7.Qc2"]
[ECO "E37"]
[Time "17:04:34"]
[TimeControl "2700+45"]

1. d4 Nf6 2. c4 e6 3. Nc3 Bb4 4. Qc2 d5 5. a3 Bxc3+ 6. Qxc3 Ne4 7. Qc2 e5 8. e3
exd4 9. cxd5 Qxd5 10. Nf3 Nf6 11. Bc4 d3 12. Qb3 Qh5 13. O-O O-O 14. Bxd3 Nc6
15. Bd2 Bh3 16. Qb5 Qg4 17. Ne1 a6 18. Qxb7 Qd7 19. Qb3 Bxg2 20. Kxg2 Ne5 21. f4
Nxd3 22. Qxd3 Qxd3 23. Nxd3 Rfd8 24. Bc3 Rxd3 25. Bxf6 gxf6 26. Kf3 Re8 27. Rfe1
Rb8 28. Re2 Rdb3 29. Rg1+ Kf8 30. Rgg2 f5 31. Rc2 R8b7 32. Rgd2 Ke7 33. h3 Ke6
34. Rc6+ Ke7 35. Rdc2 Kd7 36. Rxa6 Rxb2 37. Rxb2 Rxb2 38. Rf6 Ke7 39. Rxf5 Ra2
40. Rc5 Rxa3 41. Rxc7+ Kf6 42. Rc6+ Kg7 43. f5 Ra1 44. e4 Rh1 45. Kg4 Rh2 46.
Rc3 Rh1 47. Kf4 Re1 48. Re3 Rf1+ 49. Ke5 Rg1 50. Ra3 Rg2 51. Ra8 Rf2 52. Ra3 Rg2
53. Rf3 Rg1 54. f6+ Kg6 55. Rf4 h5 56. h4 Rh1 57. Kd4 Ra1 58. e5 Ra4+ 59. Ke3
Ra5 60. Ke4 Ra4+ 61. Kf3 Ra3+ 62. Kf2 Ra2+ 63. Ke1 Ra5 64. Rb4 Rxe5+ 65. Kf2
Kxf6 66. Kg3 Kf5 67. Rf4+ Kg6 68. Ra4 Re3+ 69. Kf4 Rh3 70. Ke5 f6+ 71. Kd5 Rg3
72. Ke6 Rg4 73. Ra8 Re4+ 74. Kd5 Rxh4 75. Rg8+ Kf5 76. Rh8 Rh1 77. Kd4 Kf4 78.
Kd3 Rh2 79. Rh6 f5 80. Rh7 Kf3 {White resigns} 0-1

[Event "Team 45 45 League T35"]
[Site "Internet Chess Club"]
[Date "2007.10.27"]
[Round "2"]
[White "saZmer"]
[Black "SRS"]
[Result "1-0"]
[WhiteElo "1786"]
[BlackElo "1809"]
[Opening "Sicilian: Smith-Morra gambit"]
[ECO "B21"]
[Time "16:28:25"]
[TimeControl "2700+45"]

1. e4 c5 2. d4 cxd4 3. c3 dxc3 4. Nxc3 e6 5. e5 Nc6 6. Nf3 Nge7 7. Bc4 Ng6 8.
Qe2 a6 9. O-O b5 10. Bb3 Bb7 11. Rd1 Qc7 12. Re1 Be7 13. Bd2 Na5 14. Bc2 Nc4 15.
Bxg6 hxg6 16. Bc1 Rc8 17. Bf4 d5 18. Rac1 Qd8 19. Red1 g5 20. Bg3 Kf8 21. Rd4
Rh6 22. Rcd1 Rg6 23. b3 Nb6 24. Ne4 g4 25. Ne1 Bh4 26. Nd6 Bxg3 27. fxg3 Rc7 28.
Rxg4 Rxg4 29. Qxg4 Nc8 30. Ne4 d4 31. Ng5 Qd5 32. Qxd4 Ne7 33. Qf2 Qc5 34. Rd8#
{Black checkmated} 1-0

[Event "Team 45 45 League T35"]
[Site "Internet Chess Club"]
[Date "2007.10.28"]
[Round "2"]
[White "Avedldesierto"]
[Black "boozehound"]
[Result "1-0"]
[WhiteElo "1669"]
[BlackElo "1684"]
[Opening "Sicilian: Najdorf, Byrne (English) attack"]
[ECO "B90"]
[Time "11:02:03"]
[TimeControl "2700+45"]

1. e4 c5 2. Nf3 d6 3. d4 cxd4 4. Nxd4 Nf6 5. Nc3 a6 6. Be3 e6 7. f3 h5 8. Qd3
Qc7 9. O-O-O Nc6 10. Qc4 Bd7 11. Kb1 Rb8 12. h3 h4 13. Bf2 b5 14. Qe2 b4 15. Nd5
Nxd5 16. exd5 Nxd4 17. Rxd4 Be7 18. dxe6 Bxe6 19. Qxa6 Rh5 20. Qa4+ Kf8 21. Rxb4
Rc8 22. Bb6 Qb7 23. Ba6 Qa8 24. Bxc8 Qxc8 25. Ba7 Qc7 26. Bb6 Qc8 27. Qa7 d5 28.
Ra4 Qe8 29. Qa8 Bc8 30. Re1 f6 31. Bc5 Re5 32. Bxe7+ Rxe7 33. Rxe7 Kxe7 34. Ra7+
Kf8 35. a3 Kg8 36. Rc7 Kh7 37. Rxc8 Qe1+ 38. Ka2 d4 39. Qe4+ {Black resigns} 1-0